 Dungeon Crawl Stone Soup version 0.24.0-123-gd5b16e6ec5 (webtiles) character file.

Game seed: 15267706635113972607, levelgen mode: deterministic

31 Elellon the Chopper (level 3, -5/33 HPs)
             Began as a Deep Dwarf Fighter on Jan 11, 2020.
             Slain by an orc warrior
             ... wielding a +0 dire flail
              (13 damage)
             ... on level 2 of the Dungeon.
             The game lasted 00:01:50 (1197 turns).

Elellon the Chopper (Deep Dwarf Fighter)            Turns: 1197, Time: 00:01:50

Health: -5/33      AC:  9    Str: 20    XL:     3   Next: 7%
Magic:  3/3        EV:  5    Int:  8    God:
Gold:   106        SH:  9    Dex: 12    Spells: 2/2 levels left

rFire    . . .     SeeInvis .   a - +0 war axe
rCold    . . .     Gourm    .   c - +0 shield
rNeg     . . .     Faith    .   g - +0 chain mail
rPois    .         Spirit   .   (no helmet)
rElec    .         Reflect  .   (no cloak)
rCorr    .         Harm     .   (no gloves)
MR       .....                  (no boots)
Stlth    ..........             (no amulet)
HPRegen  0.00/turn              (no ring)
MPRegen  0.08/turn              (no ring)

@: non-regenerating
A: damage resistance, heal wounds, sense surroundings 1, no regeneration
a: Heal Wounds


You were on level 2 of the Dungeon.
You were not hungry.

You visited 1 branch of the dungeon, and saw 2 of its levels.

You collected 106 gold pieces.

Inventory:

Hand Weapons
 a - a +0 war axe (weapon)
Armour
 b - a +0 scale mail
 c - a +0 shield (worn)
 g - a +0 chain mail (worn)
Jewellery
 h - an uncursed amulet of faith {unknown}
Scrolls
 e - a scroll of enchant armour {unknown}
 i - a scroll of teleportation {unknown}
 k - a scroll of noise {unknown}
 l - 3 scrolls of identify {unknown}
 m - a scroll of blinking {unknown}
 n - 2 scrolls of enchant weapon {unknown}
 q - a scroll of immolation {unknown}
Potions
 d - a potion of might
 j - a potion of ambrosia {unknown}
 p - a potion of heal wounds {unknown}
Comestibles
 f - 6 rations
 o - 2 chunks of flesh


   Skills:
 - Level 2.6 Fighting
 + Level 4.0 Axes
 - Level 3.2 Armour
 - Level 3.2 Shields


You had 2 spell levels left.
You didn't know any spells.
Your spell library was empty.

Dungeon Overview and Level Annotations

Branches:
Dungeon (2/15)

Altars:


Innate Abilities, Weirdness & Mutations

You are resistant to damage.
You can heal yourself by infusing magical energy.
You passively map a small area around you.
You do not regenerate.


Message History

There is an open door here.
n - 2 scrolls labeled ENUGHA QIPNI (gained 1) 2 orcs, an orc warrior and an orc wizard come into view.
The orc warrior shouts!
The orc shouts!
The orc wizard shouts!
The orc shouts!
The orc wizard casts a spell.
The orc wizard blinks!
You closely miss the orc warrior.
The orc warrior hits you with a +0 dire flail!
* * * LOW HITPOINT WARNING * * *
You slash the orc warrior!
The orc warrior is heavily wounded.
The orc warrior hits you with a +0 dire flail.
* * * LOW HITPOINT WARNING * * *
You hit the orc warrior but do no damage.
The orc warrior is heavily wounded.
The orc warrior barely misses you.
You closely miss the orc warrior.
The orc warrior is heavily wounded.
The orc warrior hits you with a +0 dire flail!
You die...

, ,.....oo..+ ...( , *
,.....o..# , , * *
#....o..# , #.# * * *,,
,,,, , #.#### , , *
#....# ######## ** * *
,#.##o# #......# *
#.#.####o#####......####
.......@.....'......+...
,
#.#.#.##.#####......####
...##+### #......# *
#........###......#
...............#####
###.............#
#.............###
#......)........#
#.(.............#


You could see an orc warrior and an orc wizard.

Vanquished Creatures
  An adder (D:2)
  2 giant cockroaches (D:1)
  5 goblins (D:1)
  2 hobgoblins (D:1)
  A ball python (D:2)
  2 bats (D:1)
  3 frilled lizards
  A kobold (D:2)
  7 rats
  A plant (D:1)
25 creatures vanquished.

Notes
Turn   | Place    | Note
-------+----------+-------------------------------------------
     0 | D:1      | Elellon the Deep Dwarf Fighter began the quest for the Orb.
     0 | D:1      | Reached XP level 1. HP: 20/20 MP: 1/1
   143 | D:1      | Reached skill level 3 in Axes
   169 | D:1      | Reached XP level 2. HP: 22/27 MP: 2/2
   868 | D:2      | Reached XP level 3. HP: 24/33 MP: 3/3
  1013 | D:2      | Reached skill level 4 in Axes
  1185 | D:2      | Noticed an orc warrior
  1197 | D:2      | Slain by an orc warrior

Levels and vault maps discovered:
D:1:      ebering_trefoil_twist, layout_basic, serial_forest,
          infiniplex_forest_clump_tiny, infiniplex_forest_end_3,
          infiniplex_forest_clump_C, infiniplex_forest_clump_diagonal,
          infiniplex_forest_lined_room_2, infiniplex_forest_straight_4
D:2:      layout_basic

Skill      XL: |  1  2  3 |
---------------+----------+-----
Axes           | 3 4 |  4.0
Fighting       | |  2.6
Armour         | |  3.2
Shields        | |  3.2

Action                   || total
-------------------------++-------
Melee: War axe           ||    97
  Eat: Chunk             ||     1
Armor: Scale mail        ||    19
       Chain mail        ||     7
Dodge: Dodged            ||    28
Block: Shield            ||    32
